AoeStats
← chentever.twitch

African Clearing

505785331Analyzed
4v4 RM · 22d ago on Sep 11, 2026· 26m 26s· 8 players
Game mode
Random Map
Map size
Large (8 player)
Population
200
Speed
Normal
Resources
Standard
Victory
Conquest
Starting age
Dark Age
Ending age
Imperial Age
RankedLock teamsTeams togetherTeam positionsShared explorationLock speedFull tech treeHidden civsTurbo modeCheats
Victory
Defeat
🇲🇽 Magyars · Mexico
1405
+15
🇲🇽 Shu · Mexico
1385
+16
🇲🇽 Franks · Mexico
1382
+16
🇲🇽 Khmer · Mexico
1341
+16
🇪🇸 Cumans · Spain
1458
-20
🇨🇳 Malians · China
1388
-16
🇦🇷 Vikings · Argentina
1342
-14
🇸🇮 Magyars · Slovenia
1308
-13
chentever.twitch
10:28 Loom
12:59 Feudal Age
17:46 Castle Age
16:48 Double-Bit Axe
17:50 Forging
GEN0S
12:39 Feudal Age
13:24 Double-Bit Axe
15:50 Bloodlines
17:25 Horse Collar
23:40 Scale Barding Armor
HD_Daniel
3:54 Loom
13:27 Feudal Age
17:27 Castle Age
15:42 Double-Bit Axe
21:35 Forging
25:49 Fletching
26:45 Wheelbarrow
Koatlistak
8:42 Loom
12:02 Feudal Age
13:48 Double-Bit Axe
17:09 Fletching
24:22 Town Watch
25:42 Wheelbarrow
28:56 Castle Age
m00n
3:12 Loom
14:04 Feudal Age
19:18 Castle Age
17:48 Double-Bit Axe
18:23 Horse Collar
19:29 Wheelbarrow
Alexis
7:03 Loom
13:21 Feudal Age
14:08 Double-Bit Axe
14:58 Town Watch
15:08 Fletching
16:22 Padded Archer Armor
Aspirante
9:02 Loom
13:05 Feudal Age
安拉的使者
3:12 Loom
12:24 Feudal Age
16:59 Castle Age
15:47 Town Watch
17:16 Wheelbarrow
17:45 Squires
20:38 Scale Mail Armor
20:59 Forging
Connection lost

Rejoining the realm…

Still unreachable

The connection could not be restored.

Session expired

The server has moved on; the page needs a fresh start.